Zazza, neutral female human Tourist --- ------..---- ..........--- ..........-- ---- ........| |...------ ......--- |.....|f.| ----- -- -......| -....@GG---...| ---.- ---......| |........h....| ---.... |........| ---....f......| --......--....---.----- --..|.--....-- ---^............| |...|.---- --------.e..-- |...............|--.-......| --- --....| |..........)...---.........-- -..| --...-- --......--...--|...---.|....--- ---... ---....-- ----...--...| |..- -----[...---...- --.....)<| |.....).---------------.^......-------.......-- --.....)..)()).^............................-- |.--.....-----------...---------------.....| -- ----.-- |....| |..---- --- |..--- ---- ---- Zazza the Rambler Experience level: 1 Strength: 16 Dexterity: 9 Constitution: 18 Intelligence: 11 Wisdom: 9 Charisma: 18 Health: 0(15) Energy: 2(2) Def: 6 Gold: 0 Moves: 2615 Dungeon seed: yuEbnySk86FIuGDR Game ID: Zazza_1618844810 Your Inventory: Amulets B - a cursed amulet versus poison (being worn) Weapons a - 34 +2 darts (in quiver) v - a cursed -2 dagger (weapon in hand) Armor n - an uncursed +0 dwarvish mithril-coat (being worn) Comestibles K - 2 cursed tripe rations Potions h - an uncursed potion of extra healing Wands p - a wand of cold (0:3) Tools k - an uncursed skeleton key t - an uncursed towel z - an uncursed bag of holding L - a cursed expensive camera (0:45) Q - an uncursed bag of holding S - an uncursed oil lamp (0:1251) T - an expensive camera (0:66) Contents of the bag of holding: 1870 gold pieces 7 +0 arrows a +0 dagger 38 cursed +2 darts a +0 orcish dagger a cursed +0 sling a cursed +2 Hawaiian shirt an uncursed +0 Hawaiian shirt a cursed +0 orcish helm a cursed apple a cursed banana 3 uncursed eggs an uncursed egg a cursed egg 2 uncursed food rations 3 cursed food rations an uncursed fortune cookie a cursed melon an uncursed slime mold 2 cursed slime molds an uncursed tripe ration a cursed scroll of identify 5 uncursed scrolls of magic mapping a cursed potion of booze an uncursed potion of extra healing a cursed potion of extra healing an uncursed potion of fruit juice an uncursed potion of gain energy an uncursed potion of gain level an uncursed potion of levitation a cursed potion of levitation a magic marker (0:98) an uncursed worthless piece of yellowish brown glass Spells and supernatural/magical abilities: Name Level Category Fail Memory W - pray for help -- divine ? -- Your skills at the end: Fighting Skills Weapon Skills dart [Basic] Spellcasting Skills Final Attributes: You were nominally aligned. You were poison resistant. You are dead. Vanquished creatures: 2 gnome lords a gnomish wizard 4 dwarves an iguana 4 hobbits 2 giant rats a red mold 14 gnomes 3 geckos 16 jackals a fox 2 sewer rats 4 grid bugs a lichen 3 newts 59 creatures vanquished. Voluntary challenges: You had been an atheist until turn 2253. You used a wielded weapon 1 time, starting on turn 2607. You read items or engraved 7 times, starting on turn 306. You never genocided any monsters. You never polymorphed an object. You never changed form. You used no wishes. You never split a pudding. You wrote Elbereth's name 3 times, starting on turn 307. You never violated your personal moral code. Dungeon overview: The Dungeons of Doom: levels 1 to 4 Level 1 a fountain a long staircase Level 2 a fountain Level 3 a hardware shop stairs to The Gnomish Mines Level 4 a scroll shop, a sink The Gnomish Mines: levels 4 to 5 Level 4 stairs to The Dungeons of Doom Level 5 <- You were here History has recorded: On T:1 you entered the Dungeons of Doom to retrieve the Amulet of Yendor! On T:506 you reached level 2 of The Dungeons of Doom. On T:1002 you reached level 3 of The Dungeons of Doom. On T:1271 you reached level 1 of The Gnomish Mines. On T:1316 you reached level 4 of The Dungeons of Doom. On T:2378 you reached level 2 of The Gnomish Mines. Score breakdown: Gold: 956 (10140 points) Experience: 1 level ( 0 points) Exploration: 5 levels ( 10.00%) ( 8571 points) Discoveries: 3 items ( 1.01%) ( 3010 points) Valuables value: (no points given unless you survive) Artifact value: 0 ( 0 points) Variety of kills: 15 monsters ( 3.94%) ( 5952 points) Turncount: 2615 turns ( -397 points) Survival: died (score multiplied by 80%) Total score: 21820 Latest messages: That food really hit the spot! You stop eating. You resume your meal. You stop eating. The gnome misses. The gnome hits! You resume your meal. You stop eating. You resume your meal. You stop eating. The gnome misses. (2x) You resume your meal. You finish eating the food ration. Never mind. The gnome hits! You die... The bag of holding is empty. Final status: Aloha Zazza the Tourist, killed by a gnome... You died in The Gnomish Mines on dungeon level 5 with 21820 points, and 1870 pieces of gold, after 2615 moves. You were level 1 with a maximum of 15 hit points when you died.